 Dungeon Crawl Stone Soup version 0.17-a0-1989-gfb2cd5c (webtiles) character file.

5659 Ordine the Fighter (level 10, -7/79 HPs)
             Began as an Octopode Fighter on Oct 7, 2015.
             Was a Believer of Dithmenos.
             Shot with an arrow by a centaur (13 damage)
             ... on level 9 of the Dungeon.
             The game lasted 00:26:42 (8100 turns).

Ordine the Fighter (Octopode Fighter)               Turns: 8100, Time: 00:26:42

Health: -7/79      AC:  2    Str: 13    XL:     10   Next: 75%
Magic:  10/10      EV: 16    Int: 14    God:    Dithmenos [**....]
Gold:   451        SH: 10    Dex: 19    Spells: 0 memorised, 9 levels left

rFire  . . .     SeeInvis .     v - +2 falchion (slice)
rCold  . . .     Rnd*Rage +     b - +1 shield
rNeg   . . .     SustAt   +     z - +1 hat {Int+3}
rPois  .         Gourm    .     (no amulet)
rElec  .         Spirit   .     f - ring of protection from magic
rCorr  .         Warding  .     j - +5 ring of evasion
rMut   .         Stasis   .     w - ring of sustain attributes
MR     +....                    (no ring)
Stlth  +++.......               (no ring)
                                (no ring)
                                (no ring)
                                (no ring)

@: wreathed by umbra, somewhat resistant to hostile enchantments, fairly
stealthy
A: almost no armour, amphibious, 8 rings, constrict 8, camouflage 1, agile 2,
berserk 2, weak 1, gelatinous body 1
a: Shadow Step, Renounce Religion


You were on level 9 of the Dungeon.
You worshipped Dithmenos.
Dithmenos was pleased with you.
You were not hungry.

You visited 2 branches of the dungeon, and saw 10 of its levels.

You collected 473 gold pieces.
You spent 22 gold pieces at shops.

Inventory:

Hand Weapons
 v - a +2 falchion of slicing (weapon)
Missiles
 a - 11 tomahawks (quivered)
 e - 254 stones
 m - 4 needles of slowing
 u - 18 poisoned needles
 G - a throwing net
Armour
 b - a +1 shield (worn)
 z - a +1 hat of intelligence (worn)
Jewellery
 f - a ring of protection from magic (left tentacle)
 j - a +5 ring of evasion (right tentacle)
 w - a ring of sustain attributes (on tentacle)
Wands
 q - a wand of disintegration (10)
Scrolls
 g - 2 scrolls of enchant armour
 h - 3 scrolls of teleportation
 n - a scroll of fear
 t - 2 scrolls of enchant weapon
 E - a scroll of remove curse
Potions
 c - a potion of cancellation
 k - a potion of ambrosia
 l - a potion of lignification
 p - 2 potions of curing {unknown}
 r - a potion of flight
 x - a potion of agility {unknown}
 A - a potion of resistance
 D - 2 potions of brilliance
Books
 y - Sif Muna's Guide on Hexes
   (You found it on level 7 of the Dungeon)

   Spells                             Type                      Level
   a - Corona                         Hexes                        1
 B - Kikubaaqudgha's Collected Works on Evil Secrets
   (You found it on level 7 of the Dungeon)

   Spells                             Type                      Level
   a - Animate Skeleton               Necromancy                   1
 C - Vehumet's Reference Book on Conjuration
   (You found it on level 7 of the Dungeon)

   Spells                             Type                      Level
   a - Magic Dart                     Conjuration                  1
 F - a book of Changes

   Spells                             Type                      Level
   a - Beastly Appendage              Transmutation                1
   b - Sticks to Snakes               Transmutation                2
   c - Spider Form                    Transmutation/Poison         3
   d - Ice Form                       Ice/Transmutation            4
   e - Blade Hands                    Transmutation                5
Comestibles
 d - 5 bread rations
 i - 4 meat rations
 o - a slice of pizza
 s - 2 fruits
 H - a chunk of flesh


   Skills:
 + Level 11.3 Fighting
 + Level 11.3 Long Blades
 - Level 3.0 Dodging
 - Level 3.0 Shields


You had 9 spell levels left.
You didn't know any spells.

Dungeon Overview and Level Annotations

Branches:
Dungeon (9/15)             Temple (1/1) D:5
   Lair: D:8-11         Orc: D:9-12

Altars:
Ashenzari
Cheibriados
Dithmenos
Elyvilon
Fedhas
Kikubaaqudgha
Nemelex Xobeh
Okawaru
Qazlal
Ru
Sif Muna
Trog
Vehumet
Xom
Yredelemnul
The Shining One

Shops:
D:4 ?(


Innate Abilities, Weirdness & Mutations

You cannot wear most types of armour.
You are amphibious.
You can wear up to eight rings at the same time.
You can use your tentacles to constrict eight enemies at once.
Your skin changes colour to match your surroundings (Stealth).
Your rubbery body absorbs attacks (AC +1).
You are very agile. (Dex +4)
You often lose your temper in combat.
You are weak. (Str -2)


Message History

The centaur shoots an arrow.
You block the arrow. The yak misses you.
You hit the yak but do no damage.
The yak is lightly wounded.
The centaur shoots an arrow.
You block the arrow. The yak gores you!
You hit the yak. You squeeze the yak.
The yak is moderately wounded.
You hit the yak.
The yak is moderately wounded.
The yak closely misses you.
The centaur shoots an arrow.
The arrow barely misses you.
You hit the yak but do no damage.
The yak is moderately wounded.
The centaur shoots an arrow.
The arrow hits you.
* * * LOW HITPOINT WARNING * * *
You block the yak's attack.
The centaur shoots an arrow.
The arrow hits you but does no damage. The yak gores you!
* * * LOW HITPOINT WARNING * * *
The centaur shoots an arrow.
The arrow hits you!
You die...

#....# #.# ###...#.p.........
#.##.###.######.#.##..........
#.##.#..........#.##.)########
#.##.###.......##.##..#####
#......#...........#.<....###
#.##.###..#######..##...)...#
#.##.###..# #.# #.c......^..#
#.##.##...# #(###.[.#.....#.#
..##.##...###.).@.........# #
####...........(Y.#.###..##
..#####..###......#.# #..# #.#
#.......#####.# ##.#
#.#####.####..# .#
...........(..#
....########### ...)#
....###########


You could see a yak and a centaur.

Vanquished Creatures
  Gastronok (D:8)
  Pikel (D:9)
  A troll (D:9)
  Grinder (D:6)
  A hippogriff (D:7)
  A steam dragon (D:8)
  2 orc warriors
  2 ice beasts
  Duvessa (D:7)
  5 ogres
  2 sky beasts
  A phantom (D:5)
  A centaur (D:6)
  The ghost of Ordine the Skirmisher, an amateur OpFi (D:3)
  5 giant frogs
  Dowan (D:7)
  A scorpion (D:6)
  A water moccasin zombie (D:8)
  3 wights (D:7)
  2 crimson imps
  2 giant frog zombies (D:5)
  3 hounds
  6 orc priests
  2 jellies
  6 orc wizards
  Jessica (D:6)
  2 iguanas (D:5)
  2 worker ants
  A hound zombie (D:5)
  2 hound skeletons
  Robin (D:2)
  6 adders
  3 worms
  4 giant geckos
  25 orcs
  4 giant cockroaches
  6 hobgoblins
  6 jackals
  11 kobolds
  A quokka (D:2)
  12 bats
  2 giant gecko skeletons
  4 giant newts
  24 goblins
  A jackal zombie (D:8)
  6 rats
177 creatures vanquished.

Vanquished Creatures (others)
  3 slaves (D:9)
  An orc priest (D:9)
  A worker ant (D:9)
  2 orcs (D:9)
7 creatures vanquished.

Grand Total: 184 creatures vanquished

Notes
Turn   | Place    | Note
--------------------------------------------------------------
     0 | D:1      | Ordine the Octopode Fighter began the quest for the Orb.
     0 | D:1      | Reached XP level 1. HP: 16/16 MP: 1/1
   528 | D:1      | Reached XP level 2. HP: 18/21 MP: 2/2
  1125 | D:2      | Reached XP level 3. HP: 19/26 MP: 3/3
  1546 | D:2      | Reached XP level 4. HP: 28/31 MP: 4/4
  1848 | D:2      | Noticed Robin
  1899 | D:2      | Killed Robin
  1899 | D:2      | Reached skill level 4 in Long Blades
  2216 | D:3      | Reached XP level 5. HP: 37/37 MP: 5/5
  2474 | D:3      | Noticed Ordine's ghost (amateur OpFi)
  2486 | D:3      | Killed Ordine's ghost
  2486 | D:3      | Reached skill level 5 in Long Blades
  2486 | D:3      | Reached XP level 6. HP: 40/45 MP: 6/6
  2495 | D:3      | Found a white marble altar of Elyvilon.
  2838 | D:4      | Reached skill level 5 in Fighting
  2860 | D:4      | Found a bloodstained altar of Trog.
  2928 | D:4      | Found Epaesah's Magic Scroll Shop.
  2936 | D:4      | Bought a scroll of identify for 22 gold pieces
  2937 | D:4      | Gained mutation: You are agile. (Dex +2) [potion of mutation]
  2937 | D:4      | Gained mutation: You are weak. (Str -2) [potion of mutation]
  2937 | D:4      | Gained mutation: You tend to lose your temper in combat. [potion of mutation]
  2941 | D:4      | Found Pegilos's Antique Weapon Boutique.
  3228 | D:5      | Entered Level 5 of the Dungeon
  3280 | D:5      | Found a staircase to the Ecumenical Temple.
  3290 | Temple   | Entered the Ecumenical Temple
  3417 | Temple   | Became a worshipper of Dithmenos the Shadowed
  3451 | D:5      | Reached XP level 7. HP: 50/50 MP: 7/7
  3662 | D:5      | Reached skill level 6 in Fighting
  3866 | D:5      | Found a stormy altar of Qazlal.
  3910 | D:5      | Got an ivory war axe
  3911 | D:5      | Identified the +9 war axe of the Six Gods {holy, Int+2} (You found it on level 5 of the Dungeon)
  5063 | D:6      | Reached XP level 8. HP: 50/58 MP: 8/8
  5072 | D:6      | Gained mutation: You often lose your temper in combat. [mutagenic meat]
  5073 | D:6      | Gained mutation: You are very agile. (Dex +4) [mutagenic meat]
  5149 | D:6      | Noticed Grinder
  5162 | D:6      | Killed Grinder
  5162 | D:6      | Reached skill level 7 in Fighting
  5555 | D:6      | Found a sparkling altar of Nemelex Xobeh.
  5555 | D:6      | Noticed Jessica
  5560 | D:6      | Killed Jessica
  5701 | D:6      | Found a sacrificial altar of Ru.
  5878 | D:6      | Reached skill level 8 in Long Blades
  5994 | D:7      | Found an ancient bone altar of Kikubaaqudgha.
  6011 | D:7      | Found a deep blue altar of Sif Muna.
  6011 | D:7      | Found a radiant altar of Vehumet.
  6017 | D:7      | Identified Sif Muna's Guide on Hexes
  6024 | D:7      | Identified Kikubaaqudgha's Collected Works on Evil Secrets
  6031 | D:7      | Identified Vehumet's Reference Book on Conjuration
  6049 | D:7      | Reached XP level 9. HP: 66/66 MP: 9/9
  6109 | D:7      | Noticed Duvessa
  6109 | D:7      | Noticed Dowan
  6122 | D:7      | Killed Duvessa
  6129 | D:7      | Killed Dowan
  6302 | D:7      | Reached skill level 9 in Long Blades
  6538 | D:8      | Found a glowing golden altar of the Shining One.
  6607 | D:8      | Noticed Gastronok
  6664 | D:8      | Killed Gastronok
  6664 | D:8      | Acquired Dithmenos's first power
  6664 | D:8      | Reached skill level 10 in Fighting
  6664 | D:8      | Reached skill level 10 in Long Blades
  6664 | D:8      | Reached XP level 10. HP: 26/77 MP: 10/10
  7042 | D:8      | Found a stormy altar of Qazlal.
  7048 | D:8      | Found a blossoming altar of Fedhas.
  7766 | D:9      | Noticed Pikel
  7770 | D:9      | Killed Pikel
  7770 | D:9      | Reached skill level 11 in Fighting
  8100 | D:9      | Shot with an arrow by a centaur

Vault maps used:
D:1:      lightli_molten_gateway
D:2:      kennysheep_goblin_castle, first_bread, minivault_25
D:3:      elyvilon_altar_3
D:4:      nicolae_overflow_crystal_walls, serial_shops, shop, shop
D:5:      temple_pool_b, basic_altar
D:6:      nicolae_ru_path_of_blood, nemelex_lonely_heart_becter, uniq_grinder
D:7:      grunt_temple_overflow_magic_moments, uniq_duvessa
D:8:      grunt_temple_overflow_forces_of_nature, overflow_temple_1_default,
          minmay_holes, uniq_gastronok
D:9:      grunt_temple_overflow_open, uniq_pikel
Temple:   nicolae_temple_figure_zero

Action                   |  1- 3 |  4- 6 |  7- 9 | 10-12 || total
-------------------------+-------+-------+-------+-------++-------
Melee: Long sword        |    70 |    96 |    35 |       ||   201
       Falchion          |       |       |   152 |    62 ||   214
       Unarmed           |       |       |     5 |       ||     5
Throw: Stone             |     6 |     1 |     4 |       ||    11
       Tomahawk          |       |       |     2 |       ||     2
       Throwing net      |       |       |       |     1 ||     1
  Use: Scroll            |     7 |     8 |     6 |       ||    21
       Potion            |       |     2 |     2 |       ||     4
 Stab: Sleeping          |     5 |     6 |     8 |     3 ||    22
       Distracted        |       |     1 |       |       ||     1
  Eat: Chunk             |     2 |     5 |    19 |     5 ||    31
